 Dungeon Crawl Stone Soup version 0.27-a0-1060-gcb85b5eba1 (webtiles) character file.

Game seed: 18047688346025148630

572 siradein the Ducker (level 7, -5/54 HPs)
             Began as a Demonspawn Gladiator on Apr 21, 2021.
             Slain by a scorpion (8 damage)
             ... on level 4 of the Dungeon.
             The game lasted 00:12:19 (4572 turns).

siradein the Ducker (Demonspawn Gladiator)          Turns: 4572, Time: 00:12:21

Health: -5/54      AC: 10    Str: 15    XL:     7   Next: 12%
Magic:  7/7        EV: 11    Int: 10    God:
Gold:   141        SH:  0    Dex: 15    Spells: 6/6 levels left

rFire    . . .     SeeInvis .   a - +0 long sword
rCold    + . .     Faith    .   (no shield)
rNeg     . . .     Spirit   .   l - +0 scale mail
rPois    .         Reflect  .   c - +0 helmet
rElec    .         Harm     .   t - +2 cloak {Will+}
rCorr    .         Rampage  .   (no gloves)
Will     +....                  (no boots)
Stlth    ..........             (no amulet)
HPRegen  0.18/turn              v - ring of protection from cold
MPRegen  0.10/turn              (no ring)

@: lethally poisoned (-5 -> -16)
A: talons 2, foul stench 1, powered by death 1
a: no special abilities


You were on level 4 of the Dungeon.
You visited 1 branch of the dungeon, and saw 4 of its levels.

You collected 141 gold pieces.

Inventory:

Hand Weapons
 a - a +0 long sword (weapon)
Missiles
 d - 4 throwing nets (quivered)
 n - 5 curare-tipped darts
 o - 58 poisoned darts
Armour
 c - a +0 helmet (worn)
 l - a +0 scale mail (worn)
 t - a +2 cloak of willpower (worn)
Jewellery
 v - a ring of protection from cold (left hand)
Wands
 k - a wand of polymorph (8)
 q - a wand of acid (7)
Scrolls
 e - a scroll of holy word {unknown}
 f - 2 scrolls of noise {unknown}
 g - a scroll of teleportation {unknown}
 h - a scroll of torment {unknown}
 i - a scroll of blinking {unknown}
 r - a scroll of summoning {unknown}
 u - a scroll of immolation {unknown}
Potions
 b - 2 potions of flight {unknown}
 j - 2 potions of mutation {unknown}
 m - a potion of curing {unknown}
 p - a potion of cancellation {unknown}
 s - 2 potions of invisibility {unknown}
 w - a potion of magic {unknown}


   Skills:
 + Level 4.2 Fighting
 + Level 4.3 Long Blades
 + Level 3.8 Throwing
 + Level 4.4 Dodging


You had 6 spell levels left.
You didn't know any spells.
Your spell library contained the following spells:

 Spells                   Type           Power      Damage    Failure   Level
 Animate Skeleton         Necr           0%         N/A       85%         1
 Apportation              Tloc           0%         N/A       85%         1
 Corona                   Hex            0%         N/A       85%         1
 Summon Small Mammal      Summ           0%         N/A       85%         1
 Ensorcelled Hibernation  Hex/Ice        0%         N/A       94%         2
 Confusing Touch          Hex            0%         N/A       99%         3
 Dazzling Flash           Conj/Hex       0%         N/A       99%         3
 Gell's Gravitas          Tloc           0%         N/A       99%         3
 Tukima's Dance           Hex            0%         N/A       99%         3
 Petrify                  Tmut/Erth      0%         N/A       100%        4
 Metabolic Englaciation   Hex/Ice        0%         N/A       100%        5
 Yara's Violent Unravell  Hex/Tmut       0%         3d3       100%        5


Dungeon Overview and Level Annotations

Branches:
Dungeon (4/15)
 Temple: D:4-7

Altars:

Shops:
D:1 !   D:4 (


Innate Abilities, Weirdness & Mutations

You have razor-sharp toenails.
You may rarely emit foul miasma when damaged in melee.
You regenerate a little health from kills.


Message History

You closely miss the scorpion.
You claw the scorpion, but do no damage.
The scorpion is moderately wounded.
The scorpion closely misses you.
You riposte.
You hit the scorpion. You claw the scorpion.
The scorpion is severely wounded.
The scorpion stings you.
You hit the scorpion. Your kick misses the scorpion.
The scorpion is severely wounded.
The scorpion stings you but does no damage.
You barely miss the scorpion.
You claw the scorpion, but do no damage.
The scorpion is severely wounded.
The scorpion stings you.
You are poisoned.
The scorpion poisons you! The scorpion closely misses you.
You are too injured to fight recklessly!
You are too injured to fight recklessly!
You are too injured to fight recklessly!
You feel sick.
You feel sick. The scorpion stings you.
You barely miss the scorpion. Your kick misses the scorpion.
The scorpion is severely wounded.
You feel sick. The scorpion stings you.
* * * LOW HITPOINT WARNING * * *
The scorpion stings you!
* * * LOW HITPOINT WARNING * * *
You hit the scorpion. Your kick misses the scorpion.
The scorpion is almost dead.
You feel sick. The scorpion stings you.
* * * LOW HITPOINT WARNING * * *
You are lethally poisoned!
The scorpion poisons you!
You hit the scorpion but do no damage.
You claw the scorpion, but do no damage.
The scorpion is almost dead.
* * * LOW HITPOINT WARNING * * *
You feel very sick. The scorpion stings you!
You die...

#. ### ..... . .... ....
... #... ## ...#.. ##.. ##
##.#.. #... .# ##....##
.##...# #.##. #..##
#..#....... #... #..@##
##.......... #..###
##.#s.####..........†
#...###..##...#........####
#.##.....##............##
##.#####..###............#
#..# ##..##............##
##.# ##......########...##
#.####...###.## #..##..
#......### #.## ##.####.


You could see a scorpion.

Vanquished Creatures
  A black bear (D:4)
  2 centaurs
  A wyvern skeleton (D:3)
  A howler monkey (D:4)
  Crazy Yiuf (D:3)
  A hound (D:4)
  An iguana (D:4)
  Terence (D:2)
  An orc wizard (D:3)
  An adder (D:2)
  2 worms (D:2)
  3 dart slugs
  2 orcs (D:3)
  10 endoplasms
  3 giant cockroaches
  6 hobgoblins
  4 jackals (D:4)
  5 quokkas
  5 ball pythons
  3 bats
  2 frilled lizards
  9 goblins
  11 kobolds
  7 rats
83 creatures vanquished.

Notes
Turn   | Place    | Note
-------+----------+-------------------------------------------
     0 | D:1      | siradein the Demonspawn Gladiator began the quest for the
                  | Orb.
     0 | D:1      | Reached XP level 1. HP: 16/16 MP: 1/1
   188 | D:1      | Gained mutation: You may rarely emit foul miasma when
                  | damaged in melee. [demonic ancestry]
   188 | D:1      | Reached XP level 2. HP: 17/22 MP: 2/2
   755 | D:1      | Found a faded altar of an unknown god.
   764 | D:1      | Found Ycimaph's Distillery.
   836 | D:1      | You fall into a shaft and drop 1 floor!
   870 | D:2      | Gained mutation: You regenerate a little health from kills.
                  | [demonic ancestry]
   870 | D:2      | Reached XP level 3. HP: 23/28 MP: 3/3
  1262 | D:2      | Noticed Terence
  1270 | D:2      | Killed Terence
  1271 | D:2      | Reached XP level 4. HP: 20/34 MP: 4/4
  1987 | D:3      | Gained mutation: You have sharp toenails. [demonic
                  | ancestry]
  1987 | D:3      | Reached XP level 5. HP: 5/41 MP: 5/5
  2376 | D:3      | Noticed Sigmund
  2377 | D:3      | Noticed Sigmund
  2377 | D:3      | Sigmund changed into Sigmund the centaur
  2381 | D:3      | Killed Sigmund the centaur
  2613 | D:3      | Reached XP level 6. HP: 47/47 MP: 6/6
  2829 | D:3      | Found a runed translucent door.
  2830 | D:3      | Noticed Crazy Yiuf
  2991 | D:3      | Killed Crazy Yiuf
  4101 | D:4      | Found Silovoon's Antique Weapon Boutique.
  4260 | D:4      | Gained mutation: You have razor-sharp toenails. [demonic
                  | ancestry]
  4260 | D:4      | Reached XP level 7. HP: 16/54 MP: 7/7
  4572 | D:4      | Slain by a scorpion

Illustrated notes

Levels and vault maps discovered:
D:1:      dpeg_arrival_renting, layout_basic,
          ebering_ecumenical_altar_sacrificial, serial_shops, shop,
          minmay_pentomino_p4
D:2:      layout_rooms, uniq_terence
D:3:      layout_loops_ring, uniq_crazy_yiuf_cottage, uniq_sigmund
D:4:      layout_layer_cave, kennysheep_windowed_goal

Skill      XL: |  1  2  3  4  5  6 |
---------------+-------------------+-----
Throwing       | 2 3 |  3.8
Long Blades    | 3 4 |  4.3
Dodging        | 3 4 |  4.4
Fighting       | 3 4 |  4.2

Action                   |  1- 3 |  4- 6 |  7- 9 || total
-------------------------+-------+-------+-------++-------
Melee: Long sword        |   107 |   143 |    14 ||   264
       Kick              |       |    23 |     7 ||    30
Throw: Throwing net      |       |     2 |       ||     2
Evoke: Wand              |       |     1 |       ||     1
 Stab: Held in net/web   |       |     2 |       ||     2
Armor: Ring mail         |    22 |     2 |       ||    24
       Scale mail        |       |    73 |     2 ||    75
Dodge: Dodged            |    61 |    94 |     5 ||   160
       Rpst.: Long sword |     9 |    28 |     2 ||    39

Table legend: (Time is in decaauts)
 A = Elapsed time spent in this place.
 B = Non-inter-level travel time spent in this place.
 C = Inter-level travel time spent in this place.
 D = Time resting spent in this place.
 E = Time spent auto-exploring this place.
 F = Levels seen in this place.
 G = Mean time per level.
                   A        B        C        D        E       F      G
               +--------+--------+--------+--------+--------+-----+--------+
         Total |   4629 |   4608 |     21 |    198 |   3747 |   4 | 1157.2 |
       Dungeon |   4629 |   4608 |     21 |    198 |   3747 |   4 | 1157.2 |
               +--------+--------+--------+--------+--------+-----+--------+

Top non-repeatable levels by time:
     D:4: 1568 daAuts
     D:3: 1330 daAuts
     D:2: 879 daAuts
     D:1: 850 daAuts
